 Dungeon Crawl Stone Soup version 0.29-a0-506-ga2e7fffb44 (webtiles) character file.

Game seed: 15496433496645735256

154 Hubjo the Magician (level 5, -13/31 HPs)
             Began as a Deep Elf Fire Elementalist on May 29, 2022.
             Was a Priest of Zin.
             Killed by divine providence
             ... invoked by an orc priest
              (16 damage)
             ... on level 3 of the Dungeon.
             The game lasted 00:04:21 (4078 turns).

Hubjo the Magician (Deep Elf Fire Elementalist)     Turns: 4078, Time: 00:04:22

Health: -13/31     AC:  2    Str:  5    XL:     5   Next: 13%
Magic:  11/13      EV: 12    Int: 22    God:    Zin [***...]
Gold:   157        SH:  0    Dex: 15    Spells: 11/12 levels left

rFire   . . .      SeeInvis .   (no weapon)
rCold   . . .      Faith    .   (no shield)
rNeg    . . .      Spirit   .   a - +0 robe
rPois   .          Reflect  .   (no helmet)
rElec   .          Harm     .   (no cloak)
rCorr   .          Rampage  .   (no gloves)
Will    .....                   (no boots)
Stlth   +++.......              (no amulet)
HPRegen 0.10/turn               (no ring)
MPRegen 0.13/turn               (no ring)

@: no status effects
A: no striking features
a: Renounce Religion, Recite, Vitalisation, Imprison, Donate Gold


You were on level 3 of the Dungeon.
You worshipped Zin.
Zin was most pleased with you.
You visited 1 branch of the dungeon, and saw 3 of its levels.

You collected 174 gold pieces.
You donated 17 gold pieces to Zin.

Inventory:

Armour
 a - a +0 robe (worn)
Jewellery
 r - a ring of wizardry
Scrolls
 c - a scroll of identify
 d - 3 scrolls of teleportation
 h - a scroll of amnesia {unknown}
 i - a scroll of fog
 m - a scroll of fear {unknown}
Potions
 b - a potion of magic
 j - a potion of attraction
 k - a potion of cancellation {unknown}
 l - a potion of lignification {unknown}
 n - a potion of degeneration {unknown}
 q - a potion of berserk rage {unknown}
 s - a potion of haste {unknown}


   Skills:
 * Level 2.3 Fighting
 - Level 2.4 Dodging
 + Level 3.7 Stealth
 + Level 4.1 Spellcasting
 - Level 1.1 Conjurations
 + Level 4.1 Fire Magic


You had 11 spell levels left.
You knew the following spells:

 Your Spells              Type           Power      Damage    Failure   Level
a - Foxfire               Conj/Fire      64%        2x1d7     3%          1

Your spell library contained the following spells:

 Spells                   Type           Power      Damage    Failure   Level
 Scorch                   Fire           44%        2d7       3%          2
 Conjure Flame            Conj/Fire      16%        6-21      12%         3
 Inner Flame              Hex/Fire       13%        N/A       14%         3
 Flame Wave               Conj/Fire      16%        2d6       36%         4


Dungeon Overview and Level Annotations

Branches:
Dungeon (3/15)

Altars:
Zin

Annotations:
D:3 1 runed translucent door, siradein's ghost, amateur NaNe


Message History

You feel strangely unstable. The adder closely misses you.
Your giant cockroach bites the orc priest but does no damage.
The adder bites you.
* * * LOW HITPOINT WARNING * * *
You are poisoned.
The adder poisons you! Something hits your giant cockroach.
Your giant cockroach bites the orc priest.
The orc priest hits your giant cockroach with a +2 mace of pain.
Your giant cockroach dies!
Your giant cockroach's corpse dissolves into shadows!
As you read the scroll labelled KUYZUBOKLA, it crumbles to dust.
It is a scroll of brand weapon.
You aren't carrying any weapons that can be branded.
You feel sick. The adder bites you but does no damage.
As you read the scroll labelled RUGGIB ZOEFY, it crumbles to dust.
It is a scroll of enchant weapon.
You aren't carrying any weapons that can be enchanted.
Your surroundings suddenly seem different.
You feel sick.
You feel sick.
An adder is nearby!
An adder is nearby!
You are too injured to fight recklessly!
You are too injured to fight recklessly!
Casting: Foxfire (safe; 3% risk of failure)
Confirm with . or Enter, or press ? or * to list all spells.
You conjure some foxfire!
You feel sick.
The foxfire hits the adder but does no damage.
The adder is moderately wounded.
Casting: Foxfire (safe; 3% risk of failure)
Confirm with . or Enter, or press ? or * to list all spells.
You conjure some foxfire!
You feel sick.
You are no longer poisoned.
The foxfire hits the adder.
The adder is almost dead.
The adder closely misses you.
The orc priest calls down the wrath of Beogh upon you.
Beogh smites you!
Ouch! That really hurt!
You die...

.# .$...# ##...######<### # ##
......# ##.....## #..# #
......§####.......# ##.####
.....§§§§§........# #...## #
.....§§{###.......# ###..#
.##.......§§oS§o......>## ###.
.##[......§B####........#### #.
..........># #S..........#####.
#......#########@v.....###.†..#..
#......#.W.#..###v....## ####....
..#....#.≈.##.####...###### ###..
.##....#.≈.##.........#...## #..
.##....#.≈.######....).....## ###
.<.....#.≈.# #............#
###....##+## #............#####
####...#...#####.................
...........................#...##


You could see an orc priest and an adder (ally target).

Vanquished Creatures
  A jelly (D:2)
  Terence (D:3)
  3 adders
  2 worms
  3 dart slugs
  An orc (D:3)
  6 ball pythons
  2 bats
  An endoplasm (D:3)
  11 giant cockroaches
  3 hobgoblins (D:2)
  3 quokkas
  3 frilled lizards
  5 goblins
  4 kobolds
  5 rats
54 creatures vanquished.

Vanquished Creatures (collateral kills)
  2 orcs (D:3)
2 creatures vanquished.

Vanquished Creatures (others)
  371 foxfires
371 creatures vanquished.

Grand Total: 427 creatures vanquished

Notes
Turn   | Place    | Note
-------+----------+-------------------------------------------
     0 | D:1      | Hubjo the Deep Elf Fire Elementalist began the quest for
                  | the Orb.
     0 | D:1      | Reached XP level 1. HP: 10/10 MP: 6/6
   485 | D:1      | Reached XP level 2. HP: 16/16 MP: 5/8
   795 | D:1      | Found a faded altar of an unknown god.
   917 | D:1      | Prayed at the altar of an unknown god.
   917 | D:1      | Became a worshipper of Zin the Law-Giver
   917 | D:1      | Reached * piety under Zin
  1598 | D:2      | Reached skill level 1 in Fighting
  1813 | D:2      | Reached XP level 3. HP: 20/20 MP: 5/10
  2113 | D:2      | Reached ** piety under Zin
  2369 | D:2      | Reached XP level 4. HP: 26/26 MP: 7/11
  3070 | D:3      | Found a runed translucent door.
  3071 | D:3      | Noticed siradein's ghost (amateur NaNe)
  3528 | D:3      | Reached *** piety under Zin
  3657 | D:3      | Noticed Terence
  3668 | D:3      | Killed Terence
  3669 | D:3      | Reached XP level 5. HP: 30/30 MP: 2/13
  4067 | D:3      | HP: 1/31 [something (4)]
  4078 | D:3      | Killed from afar by an orc priest

Illustrated notes

Levels and vault maps discovered:
D:1:      dpeg_arrival_stone_temple_mockup, layout_basic,
          ebering_ecumenical_altar_hall
D:2:      minmay_roachtagon, layout_basic, minmay_crystal_room,
          nicolae_concentric_dashed_squares_wild
D:3:      layout_rooms, ebering_ghost_reflecting_pool, grunt_decor_one_mirror,
          corner_web_ring, uniq_terence

Skill      XL: |  1  2  3  4 |
---------------+-------------+-----
Fighting       | 1 2 |  2.3
Stealth        | 3 |  3.7
Spellcasting   | 4 |  4.1
Fire Magic     | 4 |  4.1
Dodging        | |  2.4
Conjurations   | |  1.1

Action                   |  1- 3 |  4- 6 || total
-------------------------+-------+-------++-------
Melee: Unarmed           |    16 |     4 ||    20
 Cast: Foxfire           |   128 |   109 ||   237
  Use: Scroll            |     1 |     8 ||     9
       Potion            |     3 |     4 ||     7
Armor: Robe              |     6 |     5 ||    11
Dodge: Dodged            |    20 |    26 ||    46

Table legend: (Time is in decaauts)
 A = Elapsed time spent in this place.
 B = Non-inter-level travel time spent in this place.
 C = Inter-level travel time spent in this place.
 D = Time resting spent in this place.
 E = Time spent auto-exploring this place.
 F = Levels seen in this place.
 G = Mean time per level.
                   A        B        C        D        E       F      G
               +--------+--------+--------+--------+--------+-----+--------+
         Total |   4077 |   3912 |    165 |      0 |   3438 |   3 | 1359.0 |
       Dungeon |   4077 |   3912 |    165 |      0 |   3438 |   3 | 1359.0 |
               +--------+--------+--------+--------+--------+-----+--------+

Top non-repeatable levels by time:
     D:1: 1549 daAuts
     D:2: 1427 daAuts
     D:3: 1100 daAuts
